 Dungeon Crawl Stone Soup version 0.30-a0-847-g17996783a1 (webtiles) character file.

Game seed: 1654754890980872886

9 Racksonjoss101 the Firebug (level 2, -31/19 HPs)
             Began as a Demonspawn Fire Elementalist on Mar 3, 2023.
             Killed by an exploding quokka (36 damage)
             ... ignited by their inner flame
             ... on level 1 of the Dungeon.
             The game lasted 00:03:08 (557 turns).

Racksonjoss101 the Firebug (DsFE)                    Turns: 557, Time: 00:03:08

Health: -31/19     AC:  2    Str:  8    XL:     2   Next: 3%
Magic:  5/5        EV:  9    Int: 16    God:
Gold:   0          SH:  0    Dex: 13    Spells: 4/5 levels left

rFire   . . .      SeeInvis .    c - +0 spear
rCold   . . .      Faith    .    (no shield)
rNeg    . . .      Spirit   .    a - +0 robe
rPois   .          Reflect  .    (no helmet)
rElec   .          Rampage  .    (no cloak)
rCorr   .                        (no gloves)
Will    .....                    (no boots)
Stlth   ++                       (no amulet)
HPRegen 0.23/turn                (no ring)
MPRegen 0.09/turn                (no ring)

@: constricted
A: hooves 1
a: no special abilities


You were on level 1 of the Dungeon.
You visited 1 branch of the dungeon, and saw 1 of its levels.

Inventory:

Hand Weapons
 c - a +0 spear (weapon)
 d - a +0 dagger
 f - a +0 club
Armour
 a - a +0 robe (worn)
Potions
 b - a potion of magic


   Skills:
 + Level 1.9 Dodging
 + Level 1.8 Stealth
 + Level 2.1 Spellcasting
 + Level 1.0 Conjurations
 + Level 3.0 Fire Magic


You had 4 spell levels left.
You knew the following spells:

 Your Spells              Type           Power      Damage    Failure   Level
a - Foxfire               Conj/Fire      32%        2x1d5     9%          1

Your spell library contained the following spells:

 Spells                   Type           Power      Damage    Failure   Level
 Scorch                   Fire           22%        2d6       9%          2
 Inner Flame              Hex/Fire       6%         N/A       32%         3
 Kindle Blastsparks       Fire/Tloc/Air  8%         2d10      38%         3
 Flame Wave               Conj/Fire      8%         2d5       65%         4


Dungeon Overview and Level Annotations

Branches:
Dungeon (1/15)

Altars:


Innate Abilities, Weirdness & Mutations

You have large cloven feet.


Message History

Casting: Foxfire (safe; 9% risk of failure)
Confirm with . or Enter, or press ? or * to list all spells.
You conjure some foxfire!
The bat closely misses you.
The foxfire hits the bat.
You kill the bat!
Your foxfire dissipates!
You see here a +0 club.
f - a +0 club
Found a scroll labelled FULARPHUNOL.
g - a scroll labelled FULARPHUNOL A quokka and a giant cockroach come into view.
A ball python comes into view.
The ball python hisses angrily.
A ball python comes into view.
The quokka bites you but does no damage.
The ball python hisses angrily.
You hear an angry hiss.
A frilled lizard comes into view.
The quokka bites you.
As you read the scroll labelled YNGI FIQEB, it crumbles to dust.
You feel aware of your surroundings.
It was a scroll of magic mapping.
The quokka bites you but does no damage.
The ball python bites you. The ball python grabs you.
The ball python constricts you.
As you read the scroll labelled FULARPHUNOL, it crumbles to dust.
The creatures around you are filled with an inner flame!
It was a scroll of immolation.
The quokka bites you but does no damage.
The ball python bites you. The ball python constricts you.
You closely miss the quokka. You kick the quokka, but do no damage.
The quokka bites you. The ball python bites you.
The ball python constricts you. The quokka bites you.
You barely miss the quokka.
Flame seeps out of the quokka.
You kick the quokka.
The quokka is heavily wounded.
The ball python bites you.
* * * LOW HITPOINT WARNING * * *
The ball python constricts you.
The quokka is engulfed in blazing flames.
The quokka explodes!
The fiery explosion engulfs you!!!
Ouch! That really hurt!
You die...

,,,,* *,**,* *,* ,**,*
*,**,* **##.# ,,>,***,**,*
*,...#*********
*,,,,,,,,,,***,#...,,,,,,,,*
,,*,,,,,,,,,#.,...*******,**
*,*,***,***,#.,#l.,* *,*
*,*,*,,,,,,,#..#S#,* *,*
#,*,*,,,,,*,#..#S#,* *,*
#.*,***,*,*,#..#@#,* *,*
..,,,**,*.#B#..§○#,* *,*
.,*,,,*,*......§§#,******,*
,,,,*,,.###.####.#,,,,,,,,*
#*****..#*#......#**########
# ###.....#####.# #......# #
#...,,,,>* ##.####.##.###
####.###***** #..........#
.......# #######.#..#


You could see 2 ball pythons and a frilled lizard (inner flame).

Vanquished Creatures
  A dart slug (D:1)
  A giant cockroach (D:1)
  2 goblins (D:1)
  A quokka (D:1)
  A bat (D:1)
  2 rats (D:1)
8 creatures vanquished.

Vanquished Creatures (others)
  17 foxfires (D:1)
17 creatures vanquished.

Grand Total: 25 creatures vanquished

Notes
Turn   | Place    | Note
-------+----------+-------------------------------------------
     0 | D:1      | Racksonjoss101 the Demonspawn Fire Elementalist began the
                  | quest for the Orb.
     0 | D:1      | Reached XP level 1. HP: 13/13 MP: 3/3
   424 | D:1      | Reached skill level 3 in Fire Magic
   424 | D:1      | Gained mutation: You have large cloven feet. [demonic
                  | ancestry]
   424 | D:1      | Reached XP level 2. HP: 13/19 MP: 0/5
   557 | D:1      | Killed by an exploding quokka... ignited by their inner
                  | flame

Illustrated notes

Levels and vault maps discovered:
D:1:      dpeg_arrival_erosion, layout_basic, minmay_crystal_room

Skill      XL: |  1 |
---------------+----+-----
Fire Magic     | 3 |  3.0
Dodging        | |  1.9
Stealth        | |  1.8
Spellcasting   | |  2.1
Conjurations   | |  1.0

Action                     || total
---------------------------++-------
  Melee: Spear             ||     6
         Kick              ||     2
   Cast: Foxfire           ||    15
    Use: Scroll            ||     2
 Armour: Robe              ||    15
  Dodge: Dodged            ||    27

Table legend: (Time is in decaauts)
 A = Elapsed time spent in this place.
 B = Non-inter-level travel time spent in this place.
 C = Inter-level travel time spent in this place.
 D = Time resting spent in this place.
 E = Time spent auto-exploring this place.
 F = Levels seen in this place.
 G = Mean time per level.
                   A        B        C        D        E       F      G
               +--------+--------+--------+--------+--------+-----+--------+
         Total |    557 |    508 |     49 |      0 |      0 |   1 |  557.0 |
       Dungeon |    557 |    508 |     49 |      0 |      0 |   1 |  557.0 |
               +--------+--------+--------+--------+--------+-----+--------+

Top non-repeatable levels by time:
     D:1: 557 daAuts
